AoeStats
← Cuervo

Lombardia

507620533Analyzed
2v2 RM · 13d ago on Sep 19, 2026· 41m 11s· 4 players
Game mode
Random Map
Map size
Medium (4 player)
Population
200
Speed
Normal
Resources
Standard
Victory
Conquest
Starting age
Dark Age
Ending age
Imperial Age
RankedLock teamsTeams togetherTeam positionsShared explorationLock speedFull tech treeHidden civsTurbo modeCheats
Victory
Defeat
🇦🇷 Koreans · Argentina
1038
+15
🇦🇷 Cumans · Argentina
1012
+16
🇸🇦 Goths · Saudi Arabia
1016
-16
🇸🇦 Jurchens · Saudi Arabia
995
-15
98_Natsu
11:07 Feudal Age
16:34 Castle Age
18:23 Double-Bit Axe
18:25 Horse Collar
HHH
0:26 Loom
12:10 Feudal Age
12:45 Double-Bit Axe
16:29 Castle Age
18:09 Bow Saw
20:18 Wheelbarrow
19:29 Town Watch
21:53 Hand Cart
23:39 Fletching
25:52 Ballistics
25:31 Bodkin Arrow
33:05 Murder Holes
34:24 Forging
34:15 Scale Mail Armor
34:46 Heated Shot
36:09 Iron Casting
Cuervo
1:29 Loom
11:31 Feudal Age
15:34 Castle Age
15:09 Loom
15:38 Double-Bit Axe
19:32 Fletching
20:30 Crossbowman
26:19 Wheelbarrow
28:31 Bodkin Arrow
33:36 Murder Holes
34:45 Hand Cart
38:37 Imperial Age
41:58 Chemistry
40:41 Light Cavalry
Gitu
3:07 Loom
10:19 Feudal Age
11:00 Double-Bit Axe
12:09 Horse Collar
23:03 Castle Age
23:09 Wheelbarrow
23:35 Bloodlines
24:00 Forging
23:55 Scale Barding Armor
25:43 Iron Casting
25:13 Scale Barding Armor
30:37 Scale Barding Armor
40:31 Heavy Plow
40:24 Gold Mining
40:24 Stone Mining
40:52 Hand Cart
40:55 Bow Saw
Connection lost

Rejoining the realm…

Still unreachable

The connection could not be restored.

Session expired

The server has moved on; the page needs a fresh start.